 Dungeon Crawl Stone Soup version 0.31-a0-986-g5e6e4ef867 (webtiles) character file.

Game seed: 3912567079541165328

35886 Jeffwins the Grappler (level 13, -9/127 HPs)
             Began as a Troll Conjurer on Nov 25, 2023.
             Was the Champion of Okawaru.
             Mangled by a culicivora (18 damage)
             ... on level 3 of the Lair of Beasts.
             The game lasted 00:27:49 (13304 turns).

Jeffwins the Grappler (Troll Conjurer)             Turns: 13304, Time: 00:27:49

Health: -9/127     AC:  7    Str: 18    XL:     13   Next: 50%
Magic:  18/18      EV:  9    Int: 18    God:    Okawaru [******]
Gold:   673        SH:  5    Dex:  8    Spells: 8/17 levels left

rFire   . .          .
                       - Unarmed
rCold   + . .        (no shield)
rNeg    . . .        A - +0 steam dragon scales
rPois   +            v - +0 hat {Will+}
rElec   .            (no cloak)
rCorr   .            (gloves unavailable)
SInv    +            (boots unavailable)
Will    +....        R - amulet of reflection
Stlth   +            P - ring of poison resistance
HPRegen 1.21/turn    Q - ring "Oxyih" {Fly rC+ Slay+5 SInv}
MPRegen 0.16/turn

%: reflection
@: flying
A: large, unfitting armour, claws 3, regeneration 1, shaggy fur 1, tough skin 1
a: Renounce Religion, Heroism, Finesse, Duel


You were on level 3 of the Lair of Beasts.
You worshipped Okawaru.
Okawaru was exalted by your worship.
You visited 2 branches of the dungeon, and saw 16 of its levels.
You also visited: Bailey.

You collected 2476 gold pieces.
You spent 1803 gold pieces at shops.


Innate Abilities, Weirdness & Mutations

You are too large for most types of armour.
You have claws for hands.
Your natural rate of healing is unusually fast.
You are covered in fur. (AC +1)
You have tough skin. (AC +1)


   Skills:
 + Level 8.1 Fighting
 + Level 4.0 Armour
 - Level 1.5 Dodging
 - Level 1.0 Stealth
 + Level 4.3 Shields
 * Level 14.7 Unarmed Combat
 + Level 2.9 Spellcasting
 + Level 4.3 Conjurations
 + Level 2.6 Air Magic
 * Level 2.3 Earth Magic
 + Level 2.9 Poison Magic
 + Level 9.2 Invocations
 + Level 2.9 Evocations


You had 8 spell levels left.
You knew the following spells:

 Your Spells              Type           Power      Damage    Failure   Level
l - Lee's Rapid Deconstr  Erth           5%         3d6*      87%         5
m - Mephitic Cloud        Conj/Pois/Air  14%        N/A       13%         3
z - Magic Dart            Conj           72%        1d6       2%          1

Your spell library contained the following spells:

 Spells                   Type           Power      Damage    Failure   Level
 Searing Ray              Conj           36%        2d5       4%          2
 Apportation              Tloc           4%         N/A       17%         1
 Dazzling Flash           Conj/Hex       20%        N/A       21%         3
 Jinxbite                 Hex            4%         N/A       26%         2
 Sublimation of Blood     Necr           2%         N/A       26%         2
 Sigil of Binding         Hex            2%         N/A       45%         3
 Fulminant Prism          Conj/Hex       5%         3d7       56%         4
 Iskenderun's Mystic Bla  Conj/Tloc      10%        2d4       56%         4
 Leda's Liquefaction      Hex/Erth       3%         N/A       71%         4
 Petrify                  Tmut/Erth      6%         N/A       71%         4
 Dimensional Bullseye     Hex/Tloc       1%         N/A       86%         4
 Passage of Golubria      Tloc           2%         N/A       86%         4
 Irradiate                Conj/Tmut      5%         3d13      88%         5
 Alistair's Intoxication  Tmut/Pois      4%         N/A       94%         5
 Yara's Violent Unravell  Hex/Tmut       1%         3d3       99%         5
 Bombard                  Conj/Erth      7%         9d2       99%         6
 Eringya's Noxious Bog    Tmut/Pois      3%         4d6       100%        6
 Call Imp                 Summ           Unusable   N/A       N/A         2
 Call Canine Familiar     Summ           Unusable   N/A       N/A         3
 Tukima's Dance           Hex            Unusable   N/A       N/A         3
 Summon Forest            Summ/Tloc      Unusable   N/A       N/A         5
 Summon Hydra             Summ           Unusable   N/A       N/A         7

Inventory:

Hand Weapons
 T - a +3 heavy executioner's axe
Missiles
 j - 30 poisoned darts
 J - 4 silver javelins
Armour
 v - a +0 hat of willpower (worn)
 A - +0 steam dragon scales (worn)
 E - the +0 robe of Foolhardiness {MP+9 Dex+2}
   (You found it on level 7 of the Dungeon)

   Dex+2:     It affects your dexterity (+2).
   MP+9:      It affects your magic capacity (+9).
 H - the +0 kite shield of Grace {*Slow rCorr Int-2 Stlth+}
   (You found it in a bailey)

   Int-2:     It affects your intelligence (-2).
   rCorr:     It protects you from acid and corrosion.
   *Slow:     It may slow you when you take damage.
   Stlth+:    It makes you more stealthy.
Magical Staves
 k - a staff of cold
Jewellery
 c - a ring of ice
 f - a ring of protection from fire
 m - an amulet of magic regeneration
 C - a ring of protection from cold
 I - a +6 ring of intelligence
 P - a ring of poison resistance (left claw)
 Q - the ring "Oxyih" (right claw) {Fly rC+ Slay+5 SInv}
   (You found it on level 8 of the Dungeon)

   [ring of flight]

   Slay+5:    It affects your accuracy & damage with ranged weapons and melee
   (+5).
   rC+:       It protects you from cold.
   SInv:      It lets you see invisible.
   Fly:       It grants you flight.
 R - an amulet of reflection (around neck)
Wands
 x - a wand of iceblast (6)
 z - a wand of flame (71)
 F - a wand of digging (15)
 K - a wand of light (4)
 L - a wand of charming (25)
Scrolls
 g - 5 scrolls of fog
 i - 5 scrolls of teleportation {@r4}
 n - 2 scrolls of torment {!r}
 q - a scroll of butterflies
 r - 4 scrolls of blinking
 t - 4 scrolls of amnesia
 u - 7 scrolls of enchant weapon
 w - 4 scrolls of vulnerability {!r}
 y - 4 scrolls of poison
 M - 2 scrolls of immolation {!r}
 N - 3 scrolls of revelation
 O - a scroll of fear
 S - a scroll of brand weapon
 V - 5 scrolls of enchant armour
 X - a scroll of identify {@r1}
Potions
 a - a potion of invisibility
 b - a potion of magic
 d - 4 potions of berserk rage {unknown}
 e - 5 potions of haste {@q3}
 h - 3 potions of heal wounds {@q2}
 l - 6 potions of curing {@q1}
 o - 2 potions of brilliance {unknown}
 p - 2 potions of might
 s - 2 potions of attraction {!q}
 B - 4 potions of enlightenment {unknown}
 D - a potion of resistance
 G - 6 potions of mutation {!q}
 W - a potion of cancellation {unknown}
Miscellaneous
 U - a lightning rod (inert)

Dungeon Overview and Level Annotations

Branches:
Dungeon (13/15)            Temple (0/1) D:4            Lair (3/5) D:11
 Shoals (0/4) Lair:2       Spider (0/4) Lair:3          Orc (0/2) D:9
 Bailey (visited)
 Vaults: D:13-14

Altars:
Ashenzari
Dithmenos
Gozag
Makhleb
Nemelex Xobeh
Okawaru
Ru
Uskayaw
Wu Jian
The Shining One

Shops:
D:7 [!:?*   D:10 *

Portals:
Trove: D:10 (give +2 shadow dragon scales)

## ###.## #.#...######
##### #
##....#..#P.#####....#P.
#......s................
#.......##................
#.......##s#s##....#...P..
#.####^..##@####.....P....
# ##^^^### #...#......
#^.^s^ #...#...... ##^^.^#
##..........
#.....##...........
##.....##...#'...##
#^.>.##..........
#...#....####.#. #P.###


You could see 2 culicivoras.


Message History

You claw the culicivora! Your claw misses the culicivora.
The culicivora is moderately wounded.
The culicivora barely misses you.
Unknown command.
You miss the culicivora.
The culicivora is moderately wounded.
The culicivora bites you!
* * * LOW HITPOINT WARNING * * *
The culicivora draws strength from your injuries!
Unknown command.
You claw the culicivora!
The culicivora is moderately wounded.
The culicivora bites you!!
* * * LOW HITPOINT WARNING * * *
The culicivora draws strength from your injuries!
The culicivora closely misses you.
Unknown command.
You closely miss the culicivora. The culicivora bites you.
* * * LOW HITPOINT WARNING * * *
The culicivora draws strength from your injuries!
The culicivora bites you!
* * * LOW HITPOINT WARNING * * *
The culicivora draws strength from your injuries!
The culicivora bites you!
* * * LOW HITPOINT WARNING * * *
The culicivora draws strength from your injuries!
You claw the culicivora!
The culicivora is heavily wounded.
The culicivora bites you!!
You die...

Skill      XL: |  1  2  3  4  5  6  7  8  9 10 11 12 13 |
---------------+----------------------------------------+-----
Conjurations   | 3 4 |  4.3
Unarmed Combat | 1 2 3 4 5 6 7 9 10 12 13 14 | 14.7
Invocations    | 2 3 4 6 7 8 9 |  9.2
Fighting       | 1 2 3 5 6 7 8 |  8.1
Shields        | 2 3 4 |  4.3
Armour         | 2 3 4 |  4.0
Poison Magic   | 1 2 |  2.9
Evocations     | 2 |  2.9
Air Magic      | 2 |  2.6
Spellcasting   | 2 |  2.9
Earth Magic    | 2 |  2.3
Dodging        | |  1.5
Stealth        | |  1.0

Action                     |  1- 3 |  4- 6 |  7- 9 | 10-12 | 13-15 || total
---------------------------+-------+-------+-------+-------+-------++-------
  Melee: Unarmed           |   142 |   164 |   330 |   475 |   152 ||  1263
         Punch             |     2 |     2 |    10 |    47 |    16 ||    77
   Cast: Mephitic Cloud    |       |       |       |     1 |       ||     1
 Invoke: Receive Weapon    |       |       |       |     1 |       ||     1
         Receive Armour    |       |       |       |     1 |       ||     1
         Heroism           |       |       |       |       |     1 ||     1
         Finesse           |       |       |       |       |     1 ||     1
  Evoke: Wand              |       |       |       |     1 |       ||     1
         Lightning rod     |       |       |       |     3 |     6 ||     9
    Use: Scroll            |       |       |    11 |     9 |     3 ||    23
   Stab: Sleeping          |     1 |     2 |     1 |       |       ||     4
 Armour: Robe              |   118 |   114 |   115 |       |       ||   347
         Steam dragon scal |       |       |   126 |   332 |   111 ||   569
  Dodge: Dodged            |    82 |    81 |   157 |   189 |    38 ||   547
  Block: Other             |       |       |       |    51 |    23 ||    74
         Reflection        |       |       |       |     2 |       ||     2

Levels and vault maps discovered:
D:1:      giann_horns, layout_rooms, dreamdust_mushroom_princess,
          nicolae_figureground_sparkle
D:2:      layout_rooms
D:3:      minmay_octagon_keep, layout_loops_corners, nicolae_gozag_seed_capital,
          pdpol_wu_jian_five_deadly_venoms,
          hellmonk_ecumenical_altar_heavens_door
D:4:      layout_basic, mainiacjoe_overflow_concentric_impassable, temple_hall,
          uniq_blork_the_orc, uniq_sigmund, uniq_duvessa
D:5:      layout_rooms, nicolae_dithmenos_the_darkroom, minmay_liquid_box,
          minivault_5, uniq_eustachio, uniq_prince_ribbit1
D:6:      layout_basic, mainiacjoe_overflow_cross_hatched
D:7:      layout_rooms, old_standard_altar, mainiacjoe_overflow_boulevard,
          enter_bailey_4, serial_shops, nicolae_shop_pleasant_corner_grove,
          shop_fountains, nicolae_shop_tiny_statue_garden, shop,
          nicolae_shop_gibbet_a_chance
D:8:      layout_rooms, kennysheep_generic_room_11
D:9:      layout_rooms, kennysheep_mini, orc_0_dummy,
          nicolae_straight_to_the_point
D:10:     layout_roguey, marbit_many_paths, serial_shops, shop,
          nicolae_trove_entry_crossroad
D:11:     layout_irregular_city, erik_lair_dragon
D:12:     layout_irregular_city, st_stairs_3, fake_guardian_serpent_vault
D:13:     layout_irregular_city
Lair:1:   layout_roguey
Lair:2:   layout_big_grid, minmay_shoals_entry_lonely_mermaid,
          chequers_serial_rivers_small_3, grunt_megastairs_4
Lair:3:   layout_chaotic_city, spider_nest_entry_funnel_web,
          chequers_serial_rivers_room_b, uniq_rupert, uniq_kirke

Notes
Turn   | Place    | Note
-------+----------+-------------------------------------------
     0 | D:1      | Jeffwins the Troll Conjurer began the quest for the Orb.
     0 | D:1      | Reached XP level 1. HP: 16/16 MP: 1/1
    23 | D:1      | Reached skill level 3 in Conjurations
    42 | D:1      | Reached skill level 1 in Unarmed Combat
    93 | D:1      | Reached XP level 2. HP: 18/24 MP: 2/2
   163 | D:1      | Reached skill level 2 in Unarmed Combat
   402 | D:1      | Reached XP level 3. HP: 31/31 MP: 3/3
   550 | D:1      | Reached skill level 3 in Unarmed Combat
  1050 | D:3      | Reached XP level 4. HP: 39/39 MP: 4/4
  1249 | D:3      | Found an ornate altar of the Wu Jian Council.
  1284 | D:3      | Found an opulent altar of Gozag.
  1289 | D:3      | Found a faded altar of an unknown god.
  1301 | D:3      | Prayed at the altar of an unknown god.
  1301 | D:3      | Became a worshipper of Warmaster Okawaru
  1301 | D:3      | Reached * piety under Okawaru
  1325 | D:3      | Identified the +0 ring mail "Annywuaf" {Str+3 SInv}
  1334 | D:3      | Reached skill level 4 in Unarmed Combat
  1906 | D:3      | Reached XP level 5. HP: 45/45 MP: 5/5
  1966 | D:3      | Reached skill level 1 in Invocations
  2046 | D:4      | Noticed a phantom
  2047 | D:4      | Noticed Blork the orc
  2072 | D:4      | Killed a phantom
  2073 | D:4      | Reached skill level 5 in Unarmed Combat
  2125 | D:4      | Reached ** piety under Okawaru
  2126 | D:4      | Reached skill level 2 in Invocations
  2126 | D:4      | Reached XP level 6. HP: 23/53 MP: 6/6
  2186 | D:4      | Found a hide-covered altar of Uskayaw.
  2325 | D:4      | Noticed Duvessa
  2343 | D:4      | Killed Duvessa
  2344 | D:4      | Reached skill level 1 in Fighting
  2344 | D:4      | Reached skill level 6 in Unarmed Combat
  2353 | D:4      | Noticed Dowan
  2363 | D:4      | Killed Dowan
  2364 | D:4      | Reached XP level 7. HP: 62/62 MP: 6/8
  2425 | D:4      | Noticed Sigmund
  2442 | D:4      | Killed Sigmund
  2443 | D:4      | Reached skill level 3 in Invocations
  2673 | D:4      | Reached skill level 2 in Fighting
  2785 | D:4      | Killed Blork the orc
  2786 | D:4      | Reached skill level 7 in Unarmed Combat
  2837 | D:4      | Found a staircase to the Ecumenical Temple.
  3052 | D:5      | Entered Level 5 of the Dungeon
  3087 | D:5      | Found a shadowy altar of Dithmenos.
  3098 | D:5      | Reached *** piety under Okawaru
  3112 | D:5      | Reached XP level 8. HP: 52/74 MP: 9/9
  3170 | D:5      | Identified the +1 leather armour of the Orb Guardian
                  | {Int+2}
  3188 | D:5      | Noticed Eustachio
  3200 | D:5      | Killed Eustachio
  3201 | D:5      | Reached skill level 4 in Invocations
  3287 | D:5      | Reached skill level 3 in Fighting
  3300 | D:5      | Reached skill level 8 in Unarmed Combat
  3307 | D:5      | Noticed Prince Ribbit
  3334 | D:5      | Killed Prince Ribbit
  3402 | D:5      | Reached **** piety under Okawaru
  3870 | D:6      | Found a sacrificial altar of Ru.
  4133 | D:6      | Reached skill level 9 in Unarmed Combat
  4149 | D:6      | Reached XP level 9. HP: 73/84 MP: 11/11
  4160 | D:6      | Reached skill level 4 in Fighting
  4160 | D:6      | Reached skill level 5 in Invocations
  4798 | D:7      | Found a sparkling altar of Nemelex Xobeh.
  4875 | D:7      | Found Asisiome's Assorted Antiques.
  4883 | D:7      | Bought a scroll labelled ORPHERI XI MAR for 28 gold pieces
  4883 | D:7      | Bought a murky green potion for 25 gold pieces
  4883 | D:7      | Bought a tourmaline ring for 140 gold pieces
  4927 | D:7      | Found Hoopp's Book Emporium.
  4953 | D:7      | Reached ***** piety under Okawaru
  4954 | D:7      | Reached skill level 10 in Unarmed Combat
  4966 | D:7      | Found Odiwor's Armour Emporium.
  4969 | D:7      | Identified the +0 robe of Foolhardiness {MP+9 Dex+2}
  5036 | D:7      | Found a flagged portal.
  5057 | Bailey   | Entered a bailey
  5146 | Bailey   | Reached skill level 6 in Invocations
  5207 | Bailey   | Reached skill level 5 in Fighting
  5343 | Bailey   | Identified the +0 kite shield of Grace {*Slow rCorr Int-2
                  | Stlth+}
  5472 | D:7      | Found Oloages's Magic Scroll Shoppe.
  5480 | D:7      | Bought a scroll of identify for 24 gold pieces
  5480 | D:7      | Bought a scroll of identify for 24 gold pieces
  5480 | D:7      | Bought a scroll of identify for 24 gold pieces
  5480 | D:7      | Bought a scroll of identify for 24 gold pieces
  5508 | D:7      | Found a burning altar of Makhleb.
  5545 | D:7      | Found Cunobb's Distillery.
  5574 | D:7      | Bought a potion of degeneration for 14 gold pieces
  5845 | D:8      | Reached XP level 10. HP: 96/96 MP: 13/13
  5947 | D:8      | Reached skill level 11 in Unarmed Combat
  6307 | D:8      | You fall into a shaft and drop 1 floor!
  6408 | D:8      | Identified the ring "Oxyih" {Fly rC+ Slay+5 SInv}
  6490 | D:9      | Noticed a two-headed ogre
  6497 | D:9      | Killed a two-headed ogre
  6497 | D:9      | Received a gift from Okawaru
  6565 | D:9      | Reached skill level 7 in Invocations
  6570 | D:9      | Reached skill level 6 in Fighting
  6629 | D:9      | Reached skill level 12 in Unarmed Combat
  6819 | D:9      | Found a glowing golden altar of the Shining One.
  6867 | D:9      | Found a staircase to the Orcish Mines.
  7001 | D:7      | Bought a book of Minor Magic for 270 gold pieces
  7001 | D:7      | Bought a Fen Folio for 630 gold pieces
  7001 | D:7      | Bought a book of Alchemy for 420 gold pieces
  7027 | D:7      | Bought a scroll of immolation for 48 gold pieces
  7027 | D:7      | Bought a scroll of revelation for 90 gold pieces
  7044 | D:7      | Bought a potion of curing for 42 gold pieces
  7089 | D:10     | Entered Level 10 of the Dungeon
  7181 | D:10     | Learned a level 3 spell: Mephitic Cloud
  7324 | D:10     | Found Gauvioro's General Store.
  7357 | D:10     | Identified a potion of resistance
  7411 | D:10     | Found a portal to a secret trove of treasure.
  7591 | D:10     | Found a broken altar of Ashenzari.
  7686 | D:11     | Noticed a gargoyle
  7693 | D:11     | Reached XP level 11. HP: 90/107 MP: 15/15
  7759 | D:11     | Noticed a two-headed ogre
  7767 | D:11     | Killed a two-headed ogre
  7767 | D:11     | Reached ****** piety under Okawaru
  7770 | D:11     | Acquired a +0 hat of willpower
  7770 | D:11     | Received a gift from Okawaru
  7899 | D:11     | Identified the +0 pair of gloves of Benevolence {Rampage
                  | rF- Dex+5 Slay-5}
  7924 | D:11     | Received a gift from Okawaru
  8438 | D:11     | Reached skill level 13 in Unarmed Combat
  8438 | D:11     | Reached skill level 8 in Invocations
  8473 | D:11     | Reached skill level 7 in Fighting
  8473 | D:11     | Reached skill level 1 in Shields
  8499 | D:11     | Found a staircase to the Lair.
  8524 | D:11     | Reached skill level 1 in Armour
  8933 | D:12     | Received a gift from Okawaru
  8934 | D:12     | Acquired a +3 heavy executioner's axe
  8934 | D:12     | Received a gift from Okawaru
  9000 | D:12     | Noticed a boulder beetle
  9017 | D:12     | Killed a boulder beetle
  9018 | D:12     | Reached skill level 2 in Armour
  9018 | D:12     | Reached skill level 2 in Shields
  9460 | D:12     | Received a gift from Okawaru
  9606 | D:12     | Noticed a green ugly thing
  9613 | D:12     | Killed a green ugly thing
  9614 | D:12     | Reached skill level 1 in Poison Magic
  9614 | D:12     | Reached XP level 12. HP: 109/118 MP: 17/17
  9758 | D:13     | Reached skill level 1 in Evocations
  9840 | D:13     | Noticed a centaur warrior
  9853 | D:13     | Killed a centaur warrior
  9854 | D:13     | Reached skill level 1 in Air Magic
 10309 | D:13     | Noticed an eight-headed hydra
 10313 | D:13     | Killed an eight-headed hydra
 10314 | D:13     | Reached skill level 3 in Shields
 10642 | D:15     | Identified the "Upluweiv"
 10642 | Lair:1   | Entered Level 1 of the Lair of Beasts
 10655 | Lair:1   | Received a gift from Okawaru
 10732 | Lair:1   | Reached skill level 2 in Spellcasting
 10810 | Lair:1   | You are sucked into a shaft and drop 1 floor!
 10817 | Lair:2   | Reached skill level 3 in Armour
 10817 | Lair:2   | Reached skill level 14 in Unarmed Combat
 10894 | Lair:2   | Reached skill level 2 in Poison Magic
 11063 | Lair:2   | Reached skill level 2 in Evocations
 11064 | Lair:2   | Received a gift from Okawaru
 11223 | Lair:1   | Reached skill level 2 in Air Magic
 11242 | Lair:1   | Reached skill level 4 in Conjurations
 11324 | Lair:1   | Reached skill level 9 in Invocations
 11649 | Lair:1   | Reached XP level 13. HP: 96/127 MP: 18/18
 11705 | Lair:1   | Received a gift from Okawaru
 11885 | Lair:2   | Found a staircase to the Shoals.
 12013 | Lair:2   | Reached skill level 8 in Fighting
 12031 | Lair:2   | Learned a level 5 spell: Lee's Rapid Deconstruction
 12559 | Lair:3   | Reached skill level 4 in Shields
 12613 | Lair:3   | Noticed Rupert
 12618 | Lair:3   | Killed Rupert
 12619 | Lair:3   | Reached skill level 1 in Earth Magic
 12929 | Lair:3   | Received a gift from Okawaru
 12934 | Lair:3   | Reached skill level 2 in Earth Magic
 12934 | Lair:3   | Noticed Kirke
 13045 | Lair:3   | Reached skill level 4 in Armour
 13056 | Lair:3   | Killed Kirke
 13203 | Lair:3   | Found a hole to the Spider Nest.
 13303 | Lair:3   | HP: 8/127 [culicivora (11)]
 13304 | Lair:3   | Mangled by a culicivora

Vanquished Creatures
  Rupert (Lair:3)
  Kirke (Lair:3)
  A hydra (D:13)
  A centaur warrior (D:13)
  A boulder beetle (D:12)
  2 death yaks (Lair:3)
  2 two-headed ogres
  2 ugly things
  3 cyclopes
  A merfolk siren (Lair:2)
  5 elephants (Lair:3)
  3 black mambas
  3 manticores
  A guardian serpent (D:12)
  4 gargoyles
  7 cane toads
  3 torpor snails
  2 rime drakes
  3 kobold demonologists
  9 komodo dragons
  3 trolls
  A hornet (Lair:2)
  Prince Ribbit (D:5)
  4 blink frogs (Lair:2)
  5 slime creatures (D:12)
  Sigmund (D:4)
  A shadow (D:10)
  26 yaks
  2 humans (Lair:3)
  A wraith (D:12)
  3 wyverns
  A culicivora (Lair:3)
  Eustachio (D:5)
  2 basilisks
  4 hogs (Lair:3)
  A steam dragon (D:6)
  A redback (Lair:3)
  An acid dragon (D:8)
  12 water moccasins
  Duvessa (D:4)
  A swamp drake (D:11)
  11 orc warriors
  4 sky beasts
  4 ice beasts
  4 ogres
  6 wolves (Lair:2)
  6 centaurs
  3 phantoms
  A kobold brigand (D:10)
  7 bullfrogs
  Blork the orc (D:4)
  3 scorpions
  12 wights
  Dowan (D:4)
  4 killer bees (D:9)
  A howler monkey (D:4)
  3 hounds
  3 jellies
  An orc priest (D:7)
  3 iguanas (D:5)
  7 orc wizards
  A sleepcap (D:4)
  5 adders
  A shadow imp (D:5)
  A white imp (D:8)
  8 ufetubi
  3 worms
  4 dart slugs
  53 orcs
  9 bats
  7 endoplasms
  2 giant cockroaches
  13 goblins
  6 hobgoblins
  4 jackals (D:1)
  4 quokkas
  7 ball pythons
  3 frilled lizards
  8 kobolds
  3 rats (D:3)
355 creatures vanquished.

Table legend: (Time is in decaauts)
 A = Elapsed time spent in this place.
 B = Non-inter-level travel time spent in this place.
 C = Inter-level travel time spent in this place.
 D = Time resting spent in this place.
 E = Time spent auto-exploring this place.
 F = Levels seen in this place.
 G = Mean time per level.
                   A        B        C        D        E       F      G
               +--------+--------+--------+--------+--------+-----+--------+
         Total |  13129 |  12429 |    700 |    252 |   9427 |  17 |  772.3 |
       Dungeon |  10126 |   9491 |    635 |     59 |   7426 |  13 |  778.9 |
          Lair |   2624 |   2560 |     64 |    148 |   1859 |   3 |  874.7 |
        Bailey |    378 |    378 |      0 |     44 |    141 |   1 |  378.0 |
               +--------+--------+--------+--------+--------+-----+--------+

Top non-repeatable levels by time:
    D:11: 1151 daAuts
     D:6: 1036 daAuts
     D:3: 1034 daAuts
     D:4: 1013 daAuts
    D:12: 950 daAuts
  Lair:1: 906 daAuts
    D:13: 879 daAuts
  Lair:3: 879 daAuts
  Lair:2: 839 daAuts
     D:7: 689 daAuts
     D:5: 685 daAuts
     D:9: 601 daAuts
     D:1: 586 daAuts
     D:8: 578 daAuts
    D:10: 527 daAuts

Table legend:
 A = Non-vault XP
 B = Vault XP
 C = Vault XP percentage of total XP
 D = Non-vault monster count
 E = Vault monster count
 F = Vault count percentage of total count
                 A         B        C        D         E       F
            +---------+---------+-------+---------+---------+-------
      Total |   39619 |   11647 |  22.7 |     279 |      74 |  21.0
            +---------+---------+-------+---------+---------+-------
        D:1 |      57 |       0 |   0.0 |      32 |       0 |   0.0
        D:2 |      33 |       0 |   0.0 |      11 |       0 |   0.0
        D:3 |      52 |      65 |  55.6 |      19 |      15 |  44.1
        D:4 |     507 |     529 |  51.1 |      15 |       4 |  21.1
        D:5 |     746 |     473 |  38.8 |      14 |       2 |  12.5
        D:6 |    1085 |       0 |   0.0 |      20 |       0 |   0.0
        D:7 |    1073 |       9 |   0.8 |      15 |       5 |  25.0
        D:8 |     888 |     147 |  14.2 |       9 |       1 |  10.0
        D:9 |    2811 |       0 |   0.0 |      15 |       0 |   0.0
       D:10 |    1562 |     100 |   6.0 |      15 |       1 |   6.2
       D:11 |    2600 |    1988 |  43.3 |      20 |       7 |  25.9
       D:12 |    4301 |    2042 |  32.2 |      18 |       4 |  18.2
       D:13 |    4499 |       0 |   0.0 |       8 |       0 |   0.0
     Lair:1 |    8367 |       0 |   0.0 |      32 |       0 |   0.0
     Lair:2 |    4033 |    1221 |  23.2 |      17 |       7 |  29.2
     Lair:3 |    7005 |    4242 |  37.7 |      19 |       8 |  29.6
     Bailey |       0 |     831 | 100.0 |       0 |      20 | 100.0
            +---------+---------+-------+---------+---------+-------
